Unix NetHack Version 5.0.0-0 post-release - last build Jul 14 2026 02:55:29 (1809b74e8187c3a3585e283601c3028b46cbbdcb,branch:main).

Game began 2026-07-18 21:33:32, ended 2026-07-19 12:05:22.

Anarchos, lawful male dwarven Valkyrie

                                                                        ---
  -----                        ---                   ----              --.--
 --.|%|             ----    ----.---                --..--             |...|
 |....|             |..------.|....|    ---         |....---           |...|
 |..---        ---  |.....||.......|  ---.----      --.....------      |--.|
 |..|      -----.-  |.....|--......|  |......--  ..| --.....--..---  --#...|
 |..--     |...%..-----...-----...-- --.......| ...|  ............--#....-#-
 |-..|     |.........---...-----..---|........| -..|   .....-......|#.#-[#)#
 |..@|     --....---............<...||.......#- |..--   --`........##.#....##
 --@_|     --.....| ----.....--.....| --...##- --...|    |....--........*..##
  --.|    --......--  |)...----....--- -##.### |..|.--   |....--.^....###.--
   |.|  ---........-----...||...-....-- `#.##*--.-|..| ---..........-####--
   |.|  |...........|.....---..........--#.#*#-..|--.|..........>...# *#
   |.---|.-----.......-----|...............###..-- |.|.--...... ..#- #*#
   |....|.|   |.......|    --...--...^...0####.--  |...||....#.        -
   --.....|    --.--..--    -----|.....-#.#-#..-- --..--|-..##-
    |..^.--     ---|...|         -##.*#-#.......| |...--|..--##
    ------          -.--           --# *###---..| -....--.--
                                          #  ----|........|
                                                 --.|.-----
                                                  -----
Anarchos the Skirmisher     St:16 Dx:13 Co:17 In:8 Wi:9 Ch:11  Lawful
Dlvl:3  $:27 HP:0(45) Pw:5(5) AC:0  Xp:4 T:1366  Hungry   Burdened

Latest messages:
 The aklys returns to its hand!
 You are hit by an aklys.
 You already found a monster.  Use 'm' prefix to force another search.
 You bite the werejackal.
 The werejackal swings her aklys.
 The werejackal hits!
 You bite the werejackal.
 The werejackal swings her aklys.
 The werejackal hits!
 You return to dwarven form!
 Your movements are now unencumbered.
 n - a banded mail.
 r - a scale mail.
 d - 2 uncursed food rations.
 g - a tripe ration.
 i - a lichen corpse.
 B - a scroll labeled HACKEM MUCHE.
 You have a little trouble lifting a yellow spellbook.  Continue? [ynq] (q) y
 You have a little trouble lifting h - a yellow spellbook.
 s - a fizzy potion named object detection.
 e - a white potion.
 y - a bag of tricks.
 E - a lamp.
 u - a looking glass.
 j - 2 black gems.
 F - a green gem.
 m - a red gem.
 f - a white gem.
 Your movements are slowed slightly because of your load.
 The werejackal swings her aklys.
 The werejackal hits!
 What do you want to wear? [cnrtD or ?*] ?
 You are now wearing a small shield.
 What do you want to wear? [nrtD or ?*] ?
 The werejackal swings her aklys.
 The werejackal hits!
 The werejackal swings her aklys.
 The werejackal hits!
 The werejackal swings her aklys.
 The werejackal misses!
 The werejackal swings her aklys.
 The werejackal misses!
 The werejackal swings her aklys.
 The werejackal hits!
 The werejackal swings her aklys.
 The werejackal hits!
 You die...
 Do you want your possessions identified? [ynq] (y) y
 Do you want to see your attributes? [ynq] (y) y
 Do you want an account of creatures vanquished? [ynaq] (y) q

Inventory:
 Coins    ('$')
  $ - 27 gold pieces
 Weapons  (')')
  o - 6 +0 arrows
  l - a +0 bow
  x - 10 cursed rustproof -2 darts
  b - a +0 dagger
  a - a rusty +1 dwarvish spear
  C - a +0 orcish dagger
  A - a +0 flail
 Armor    ('[')
  D - an uncursed +0 orcish helm
  t - an uncursed +0 pair of low boots
  c - an uncursed +3 small shield (being worn)
  n - an uncursed +0 banded mail (being donned)
  r - an uncursed +0 scale mail
 Comestibles  ('%')
  d - 2 uncursed food rations
  g - an uncursed tripe ration
  i - an uncursed lichen corpse
 Scrolls  ('?')
  B - an uncursed scroll of identify
 Spellbooks  ('+')
  h - an uncursed spellbook of healing
 Potions  ('!')
  s - an uncursed potion of object detection named object detection
  e - a blessed potion of see invisible
 Rings    ('=')
  q - a cursed ring of aggravate monster
  w - an uncursed ring of polymorph control (on left hand)
 Wands    ('/')
  p - a wand of teleportation (0:7)
 Tools    ('(')
  y - a cursed bag of tricks (0:17)
  u - an uncursed mirror
  E - an uncursed oil lamp
 Gems/Stones  ('*')
  j - 2 uncursed black opals
  m - an uncursed jasper stone
  F - an uncursed worthless piece of green glass
  f - an uncursed worthless piece of white glass

Anarchos the Valkyrie's attributes:

Background:
 You were a Skirmisher, a level 4 male dwarven Valkyrie.
 You were lawful, nominally on a mission for Tyr
 who was opposed by Odin (neutral) and Loki (chaotic).
 You started out female.
 You were left-handed.
 You were in the Gnomish Mines, on level 3.
 You entered the dungeon 1366 turns ago.
 You had 145 experience points, 15 more were needed to attain level 5.

Basics:
 You had 0 out of 45 hit points.
 You had all 5 energy points (spell power).
 Your armor class was 0.
 Your wallet contained 27 zorkmids.
 Autopickup was on for all types.

Final Characteristics:
 Your strength was 16 (limit:18/100).
 Your dexterity was 13 (limit:20).
 Your constitution was 17 (limit:20).
 Your intelligence was 8 (limit:16).
 Your wisdom was 9 (limit:16).
 Your charisma was 11 (limit:16).

Final Status:
 You were chained to a heavy iron ball.
 You were hungry.
 You were burdened; movement was slightly slowed.
 You were bare handed.
 You were unskilled in bare handed combat.

Final Attributes:
 You were devoutly aligned.
 You were cold resistant.
 You were level-drain resistant.
 You had infravision.
 You would have confused monsters when hitting them.
 You were stealthy.
 You were warded.
 You had polymorph control.
 You were a werejackal.
 You were harmed by silver.
 You were fast.
 You are dead.

Miscellaneous:
 You didn't encounter any bones levels.
 Total elapsed playing time was 29 minutes and 1 second.

Major events:
 Turn
    1: Anarchos the lawful dwarven Valkyrie entered the dungeon
  616: entered the Gnomish Mines
 1366: killed by a werejackal, while dressing up

You didn't know any spells.

Skills:
 Fighting Skills
   bare handed combat [Unskilled]
   two weapon combat  [Unskilled]
   riding             [Unskilled]
 Weapon Skills
   dagger             [Basic]
   axe                [Unskilled]
   pick-axe           [Unskilled]
   short sword        [Unskilled]
   broadsword         [Unskilled]
   long sword         [Unskilled]
   two-handed sword   [Unskilled]
   saber              [Unskilled]
   hammer             [Unskilled]
   quarterstaff       [Unskilled]
   polearms           [Unskilled]
   spear              [Basic]
   trident            [Unskilled]
   lance              [Unskilled]
   sling              [Unskilled]
 Spellcasting Skills
   attack spells      [Unskilled]
   escape spells      [Unskilled]

Voluntary challenges:
 Character rerolling was not enabled.
 You were an atheist.
 You never genocided any monsters.
 You never polymorphed an object.
 You used no wishes.
Achievement:
 You entered the Gnomish Mines.

 The Dungeons of Doom: levels 1 to 2
    Level 1:
       A fountain, a sink.
    Level 2:
       Stairs down to The Gnomish Mines.
 The Gnomish Mines:
    Level 3: <- You were here.
       Final resting place for
          you, killed by a werejackal, while dressing up.


Vanquished creatures:
  a water nymph
  a shrieker
  a kitten
  2 iguanas
  2 hobgoblins
  a giant rat
  a brown mold
  9 gnomes
  6 garter snakes
  4 geckos
  4 jackals
  a kobold
  2 grid bugs
  a bat
  2 lichens
  a kobold zombie
  2 newts
41 creatures vanquished.

No species were genocided or became extinct.

Game over:
                       ----------
                      /          \
                     /    REST    \
                    /      IN      \
                   /     PEACE      \
                  /                  \
                  |     Anarchos     |
                  |      27 Au       |
                  |   killed by a    |
                  |    werejackal    |
                  |                  |
                  |                  |
                  |       2026       |
                 *|     *  *  *      | *
        _________)/\\_//(\/(/\)/\//\/|_)_______

Farvel Anarchos the Valkyrie...

You died in The Gnomish Mines on dungeon level 3 with 445 points,
and 27 pieces of gold, after 1366 moves.
You were level 4 with a maximum of 45 hit points when you died.

